 Dungeon Crawl Stone Soup version 0.24.0-1-gfbc8707 (webtiles) character file.

Game seed: 3652254871847062821, levelgen mode: deterministic

8382 Illumine the Carver (level 11, -7/58 HPs)
             Began as a Vine Stalker Fighter on Nov 5, 2019.
             Was a Priest of Nemelex Xobeh.
             Mangled by a komodo dragon (15 damage)
             ... on level 1 of the Lair of Beasts.
             The game lasted 00:24:02 (6976 turns).

Illumine the Carver (Vine Stalker Fighter)          Turns: 6976, Time: 00:24:02

Health: -7/58      AC: 12    Str: 20    XL:     11   Next: 30%
Magic:  0/12       EV:  9    Int:  8    God:    Nemelex Xobeh [***...]
Gold:   431        SH: 12    Dex: 16    Spells: 10/10 levels left

rFire    . . .     SeeInvis .   z - +4 long sword
rCold    . . .     Gourm    .   c - +1 shield
rNeg     . . .     Faith    .   b - +0 plate armour
rPois    .         Spirit   +   (no helmet)
rElec    .         Reflect  .   (no cloak)
rCorr    .         Harm     .   (no gloves)
MR       ++...                  (no boots)
Stlth    ..........             (no amulet)
HPRegen  0.59/turn              h - +2 ring of evasion
MPRegen  0.13/turn              L - ring of protection from magic

@: no status effects
A: fangs 3, regeneration 1, magic shield, antimagic bite, no potion heal 3, rot
immunity
a: Draw Escape, Draw Destruction, Draw Summoning, Triple Draw, Renounce Religion


You were on level 1 of the Lair of Beasts.
You worshipped Nemelex Xobeh.
Nemelex Xobeh was most pleased with you.
You were not hungry.

You visited 4 branches of the dungeon, and saw 13 of its levels.

You collected 431 gold pieces.

Inventory:

Hand Weapons
 a - a +0 long sword
 z - a +4 long sword (weapon)
Missiles
 r - a throwing net
 t - 10 curare-tipped darts (quivered)
 y - 7 boomerangs
Armour
 b - a +0 plate armour (worn)
 c - a +1 shield (worn)
Jewellery
 h - a +2 ring of evasion (left hand)
 p - an uncursed ring of teleportation
 L - a ring of protection from magic (right hand)
Wands
 j - a wand of scattershot (6)
 v - a wand of paralysis (11)
 x - a wand of enslavement (19)
 F - a wand of iceblast (22)
 G - a wand of acid (9)
Scrolls
 e - 6 scrolls of teleportation
 k - 2 scrolls of remove curse
 m - a scroll of fog
 o - 2 scrolls of amnesia
 q - 2 scrolls of blinking
 s - a scroll of magic mapping
 A - a scroll of immolation
 B - a scroll of identify
 D - a scroll of fear {unknown}
 J - a scroll of random uselessness {unknown}
Potions
 d - a potion of might
 g - 5 potions of lignification
 i - a potion of mutation
 l - 2 potions of resistance
 n - 3 potions of curing
 u - a potion of haste
 C - a potion of ambrosia {unknown}
 E - a potion of cancellation {unknown}
 H - a potion of brilliance {unknown}
 K - a potion of flight {unknown}
Miscellaneous
 w - a phantom mirror
Comestibles
 f - 19 rations
 I - 3 chunks of flesh


   Skills:
 + Level 7.1 Fighting
 * Level 9.6 Long Blades
 + Level 6.4 Armour
 + Level 5.4 Dodging
 + Level 7.0 Shields


You had 10 spell levels left.
You didn't know any spells.
Your spell library contained the following spells:

 Spells                   Type           Power        Failure   Level  Hunger
 Shock                    Conj/Air       #...         100%        1    ##.....
 Swiftness                Chrm/Air       #.......     100%        2    ###....
 Static Discharge         Conj/Air       #.......     100%        3    ####...
 Airstrike                Air            #.........   100%        4    #####..
 Lightning Bolt           Conj/Air       #.........   100%        5    ######.


Dungeon Overview and Level Annotations

Branches:
Dungeon (11/15)            Temple (1/1) D:6            Lair (1/6) D:10
    Orc (1/2) D:10

Altars:
Ashenzari
Fedhas
Gozag
Nemelex Xobeh
Qazlal
Ru
Trog
Vehumet
Wu Jian
Zin
The Shining One

Shops:
D:4 [

Portals:
Volcano: Lair:1

Annotations:
D:4 Blork the orc
D:6 1 runed translucent door, mopl's ghost, novice OpAE


Innate Abilities, Weirdness & Mutations

You have razor-sharp teeth.
Your natural rate of healing is unusually fast.
When hurt, damage is shared between your health and your magic reserves.
Your bite disrupts and absorbs the magic of your enemies.
Potions cannot restore your health.
You are immune to rotting.


Message History

Your bite misses the komodo dragon.
The komodo dragon is moderately wounded.
The komodo dragon bites you!!
* * * LOW HITPOINT WARNING * * *
You draw a card...
You have drawn Pain.
Press: ? - help, Shift-Dir - straight line, f - komodo dragon
Aim: a komodo dragon (moderately wounded)
Okay, then.
Really abort (and waste the card)? [Y]es or [N]o only, please.
Really abort (and waste the card)?
Aiming: Pain
Press: ? - help, Shift-Dir - straight line, f - komodo dragon
Aim: a komodo dragon (moderately wounded)
The komodo dragon convulses!
The komodo dragon barely misses you.
You draw a card...
You have drawn the Elixir.
You begin rapidly regenerating magic.
The komodo dragon bites you!!
You die...
Your body disappears without a glow.

##..#########.#.##
#.## #.###
*#..***######...##
**P...,...........#
*...,,,..........##
#..,,,,..........#
*,,,,,,..........#
*,,****#.#####...##
*,,* #** #..@.#
,,,* #..l.# ,,,*
#....# *,,***
#...## *,,*,**
*#...# ,,,,,,**
*P...# ,,,,,,,*
***##...#
,,,,,,****,**#...#
......P...,,,....#


You could see a komodo dragon.

Vanquished Creatures
  A two-headed ogre (D:10)
  An ugly thing (D:10)
  A spiny frog (Lair:1)
  3 hippogriffs
  2 hogs (D:7)
  A wraith (D:10)
  2 yaks
  A human (D:7)
  2 hungry ghosts
  Menkaure (D:4)
  A two-headed ogre zombie (D:10)
  4 porcupines
  2 water moccasins
  4 black bears
  An ice beast (D:11)
  2 orc warriors
  A phantom (D:10)
  3 sky beasts
  2 ogres
  2 centaurs
  A crocodile (D:10)
  A big kobold (D:7)
  8 bullfrogs
  A wyvern zombie (D:9)
  3 troll zombies (D:10)
  7 scorpions
  5 killer bees (D:9)
  3 howler monkeys (D:8)
  3 crimson imps
  A jelly (D:10)
  2 bullfrog zombies
  A centaur skeleton (D:9)
  A centaur zombie (D:7)
  3 orc priests
  5 hounds
  9 orc wizards
  Jessica (D:3)
  7 iguanas
  8 worker ants
  4 ogre zombies (D:10)
  2 hound skeletons (D:9)
  Robin (D:3)
  A worker ant zombie (D:10)
  9 adders
  A river rat (D:6)
  4 shadow imps
  2 adder skeletons (D:8)
  2 adder zombies
  4 worms
  3 dart slugs
  4 leopard geckos
  22 orcs
  A bat (D:1)
  5 giant cockroaches
  12 goblins
  9 hobgoblins
  11 jackals
  3 quokkas
  A ball python (D:8)
  2 frilled lizards
  A goblin skeleton (D:10)
  2 goblin zombies (D:10)
  2 hobgoblin skeletons (D:10)
  A hobgoblin zombie (D:10)
  A jackal zombie (D:7)
  14 kobolds
  A leopard gecko skeleton (D:9)
  A leopard gecko zombie (D:6)
  5 orc skeletons (D:10)
  14 orc zombies (D:10)
  5 rats
257 creatures vanquished.

Vanquished Creatures (others)
  A hog (D:7)
  A big kobold (D:10)
  A kobold (D:10)
  23 fungi (D:10)
  10 plants (D:10)
36 creatures vanquished.

Grand Total: 293 creatures vanquished

Notes
Turn   | Place    | Note
-------+----------+-------------------------------------------
     0 | D:1      | Illumine the Vine Stalker Fighter began the quest for the
                  | Orb.
     0 | D:1      | Reached XP level 1. HP: 11/11 MP: 2/2
   116 | D:1      | Reached skill level 2 in Long Blades
   116 | D:1      | Reached XP level 2. HP: 6/16 MP: 1/3
   743 | D:2      | Noticed an ogre
   831 | D:2      | Reached XP level 3. HP: 19/19 MP: 4/4
   936 | D:3      | Noticed a phantom
  1002 | D:3      | Noticed Jessica
  1008 | D:3      | Killed Jessica
  1008 | D:3      | Gained mutation: Your natural rate of healing is unusually
                  | fast. [Vine Stalker growth]
  1008 | D:3      | Reached XP level 4. HP: 17/24 MP: 5/5
  1031 | D:3      | Found a faded altar of an unknown god.
  1050 | D:3      | Noticed Robin
  1063 | D:3      | Killed Robin
  1074 | D:3      | Reached skill level 3 in Long Blades
  1406 | D:3      | Reached XP level 5. HP: 10/28 MP: 6/6
  1879 | D:4      | Reached XP level 6. HP: 24/32 MP: 5/7
  1948 | D:4      | Reached skill level 4 in Long Blades
  2063 | D:4      | Found Ugraefum's Antique Armour Shoppe.
  2180 | D:4      | Noticed Blork the orc
  2298 | D:4      | Noticed Menkaure
  2301 | D:4      | Killed Menkaure
  2301 | D:4      | Reached skill level 1 in Dodging
  2301 | D:4      | Reached XP level 7. HP: 27/37 MP: 4/8
  2323 | D:4      | You fall into a shaft and drop 2 floors!
  2334 | D:6      | Found a staircase to the Ecumenical Temple.
  2343 | Temple   | Entered the Ecumenical Temple
  2364 | Temple   | Became a worshipper of Nemelex Xobeh the Trickster
  2475 | D:6      | Received a gift from Nemelex Xobeh
  2714 | D:6      | Reached skill level 5 in Long Blades
  2793 | D:6      | Gained mutation: You have razor-sharp teeth. [Vine Stalker
                  | growth]
  2793 | D:6      | Reached XP level 8. HP: 36/42 MP: 9/9
  3264 | D:6      | Received a gift from Nemelex Xobeh
  3300 | D:6      | Found a blossoming altar of Fedhas.
  3401 | D:6      | Found a runed translucent door.
  3401 | D:6      | Noticed mopl's ghost (novice OpAE)
  3401 | D:6      | Noticed a cyclops
  3466 | D:7      | Reached * piety under Nemelex Xobeh
  3516 | D:7      | Found a sacrificial altar of Ru.
  3690 | D:7      | Noticed a yak
  3701 | D:7      | Reached skill level 6 in Long Blades
  3725 | D:7      | Reached skill level 5 in Fighting
  3725 | D:7      | Reached skill level 5 in Shields
  3725 | D:7      | Reached XP level 9. HP: 13/47 MP: 10/10
  3939 | D:7      | Reached skill level 7 in Long Blades
  4470 | D:8      | Reached skill level 5 in Armour
  4560 | D:8      | Received a gift from Nemelex Xobeh
  4735 | D:8      | Reached XP level 10. HP: 52/53 MP: 11/11
  5218 | D:9      | Reached skill level 8 in Long Blades
  5418 | D:9      | Found a bloodstained altar of Trog.
  5715 | D:9      | Reached ** piety under Nemelex Xobeh
  6022 | D:10     | Entered Level 10 of the Dungeon
  6054 | D:10     | Noticed a cyan ugly thing
  6064 | D:10     | Killed a cyan ugly thing
  6128 | D:10     | Found a staircase to the Lair.
  6150 | D:10     | Noticed a two-headed ogre
  6161 | D:10     | Killed a two-headed ogre
  6161 | D:10     | Reached skill level 9 in Long Blades
  6161 | D:10     | Reached skill level 5 in Dodging
  6180 | D:10     | Reached XP level 11. HP: 58/58 MP: 12/12
  6201 | D:10     | Received a gift from Nemelex Xobeh
  6254 | D:10     | Found a staircase to the Orcish Mines.
  6715 | D:11     | Noticed a cyclops
  6783 | Orc:1    | Entered Level 1 of the Orcish Mines
  6833 | Lair:1   | Entered Level 1 of the Lair of Beasts
  6851 | Lair:1   | Found a dark tunnel.
  6952 | Lair:1   | Reached *** piety under Nemelex Xobeh
  6976 | Lair:1   | Mangled by a komodo dragon

Levels and vault maps discovered:
D:1:      beargit_arrival_greenhouse, layout_loops_ring
D:2:      layout_loops_ring, doesnt_xom_only_xom, minmay_tree_intersection,
          minmay_misc_feat_tiny, kennysheep_cluttered_room,
          yredelemnul_altar_generic, uniq_natasha, uniq_terence
D:3:      layout_basic, chequers_ecumenical_altar_simple_redux, first_ration,
          uniq_jessica, uniq_robin
D:4:      layout_basic, nicolae_overflow_hidden_temple, serial_shops,
          nicolae_shop_overgrown_old_shop, minmay_misc_feat_columns, tgw_sif,
          uniq_purgy, uniq_menkaure
D:6:      layout_loops_ring, minmay_temple_entry_junction,
          ebering_ghost_inner_flame, gup_sewer_entry_spiral, fedhas_altar_4
D:7:      layout_gridville, hangedman_ru_absence, grunt_livestock
D:8:      layout_basic
D:9:      layout_layer_cave, overflow_temple_1_default
D:10:     layout_rooms, due_lair_maze_entry_diamond, zombieorc2_lemuel
D:11:     layout_long_grid, basic_altar, lightli_corner_chamber, uniq_psyche,
          uniq_erolcha
Temple:   compressed_dpeg_circular_temple
Lair:1:   layout_gridlike, enter_volcano_2
Orc:1:    layout_diamond_mine, basic_altar

Skill      XL: |  1  2  3  4  5  6  7  8  9 10 11 |
---------------+----------------------------------+-----
Long Blades    | 2 3 4 5 6 7 9 |  9.6
Shields        | 3 4 5 6 7 |  7.0
Fighting       | 3 4 5 6 7 |  7.1
Armour         | 3 4 5 6 |  6.4
Dodging        | 1 3 4 5 |  5.4

Action                   |  1- 3 |  4- 6 |  7- 9 | 10-12 || total
-------------------------+-------+-------+-------+-------++-------
Melee: Long sword        |    66 |   159 |   349 |   311 ||   885
       Bite              |    17 |    57 |   122 |   131 ||   327
Throw: Dart              |       |       |     2 |     3 ||     5
 Abil: Draw Destruction  |       |       |     7 |    11 ||    18
       Draw Escape       |       |       |       |     1 ||     1
  Use: Scroll            |       |     8 |     5 |     2 ||    15
       Potion            |       |     2 |       |       ||     2
  Eat: Chunk             |       |     3 |     6 |     8 ||    17
       Ration            |       |     1 |     1 |       ||     2
Armor: Scale mail        |    19 |    49 |    20 |       ||    88
       Chain mail        |       |       |    69 |       ||    69
       Plate armour      |       |       |    19 |   117 ||   136
Dodge: Dodged            |    23 |    59 |   119 |    91 ||   292
Block: Shield            |    29 |    74 |   179 |   176 ||   458
       Rpst.: Long sword |     9 |    19 |    42 |    21 ||    91
